SAA
IRVING BLUE SOX @ WESTWOOD SIXSHOOTERS
08/19/2021
 
TOP OF THE 1ST
Irving Blue Sox batting - Pitching for Westwood Sixshooters : RHP José Barajas
Pitching: RHP José Barajas
Batting: RHB Alfredo Chávez 0-0: Ball
1-0: Called Strike
1-1: Foul Ball, location: 2F
1-2: Ball
2-2: Foul Ball, location: 2F
2-2: Ball
3-2: Foul Ball, location: 2F
3-2: Ground out 1-3 (Groundball, 15)
Batting: LHB Kyle James 0-0: Foul Ball, location: 2F
0-1: SINGLE (Popup, 6MD)
Batting: RHB Stewart Ralston 0-0: Ball
1-0: Called Strike
1-1: Ball
2-1: Ball
3-1: Foul Ball, location: 2F
3-2: Base on Balls
Kyle James to second
Batting: RHB Júlio López 0-0: Ball
1-0: Foul Ball, location: 2F
1-1: Ball
2-1: Ground out 5-3 (Groundball, 56S)
Kyle James to third
Stewart Ralston to second
Batting: RHB Jorge López 0-0: Swinging Strike
0-1: Foul Ball, location: 2F
0-2: Fly out, F4 (Line Drive, 4)
Top of the 1st over - 0 run(s), 1 hit(s), 0 error(s), 2 left on base; Irving 0 - Westwood 0
BOTTOM OF THE 1ST
Westwood Sixshooters batting - Pitching for Irving Blue Sox : RHP Cole Johnson
Pitching: RHP Cole Johnson
Batting: RHB Sergio Martínez 0-0: Ball
1-0: Ground out U3 (Groundball, 3S)
Batting: RHB Jorge Morales 0-0: Ball
1-0: Ball
2-0: Foul Ball, location: 2F
2-1: SINGLE (Line Drive, 4MD)
Batting: RHB Jason Boyer 0-0: Ball
1-0: Ball
2-0: SINGLE (Flyball, 6MD)
Jorge Morales to second
Batting: RHB Brandon Cooper 0-0: Ball
1-0: DOUBLE (Line Drive, 5D)
Jorge Morales scores
Jason Boyer to third
Runner from 3rd tries for Home, SAFE, throw made at trailing runner, OUT at third!
Batting: LHB George Best 0-0: Ball
1-0: Foul Ball, location: 2F
1-1: Fly out, F4 (Popup, 4)
Bottom of the 1st over - 2 run(s), 3 hit(s), 0 error(s), 0 left on base; Irving 0 - Westwood 2
TOP OF THE 2ND
Irving Blue Sox batting - Pitching for Westwood Sixshooters : RHP José Barajas
Batting: RHB Stan Barnes 0-0: Ball
1-0: Swinging Strike
1-1: Called Strike
1-2: Ball
2-2: Strikes out swinging
Batting: RHB Dennis Newell 0-0: Ball
1-0: Ball
2-0: Ground out 1-3 (Groundball, 13)
Batting: RHB Dustin Johnstone 0-0: Ball
1-0: Foul Ball, location: 2F
1-1: Ground out 1-3 (Groundball, 13S)
Top of the 2nd over - 0 run(s), 0 hit(s), 0 error(s), 0 left on base; Irving 0 - Westwood 2
BOTTOM OF THE 2ND
Westwood Sixshooters batting - Pitching for Irving Blue Sox : RHP Cole Johnson
Batting: SHB Ethan Jollymour 0-0: SINGLE (Groundball, 6MD)
Batting: RHB Don Thomas 0-0: Ball
1-0: Swinging Strike
1-1: Ball
2-1: SINGLE (Flyball, 9S)
Ethan Jollymour to second
Runner from 2nd tries for 3rd, SAFE, throw made to third
Batting: RHB Richard Hicks 0-0: Ball
1-0: Called Strike
1-1: Ball
2-1: Fly out, F7 (Flyball, 7LSF)
Runner from 3rd tags up, SCORES, no throw
Batting: RHB Winston Sparks 0-0: Foul Ball, location: 2F
0-1: Fielders Choice at 2nd, 5-4 (Groundball, 5)
Batting: RHB Sergio Martínez 0-0: Ball
1-0: Ball
2-0: Swinging Strike
2-1: Foul Ball, location: 2F
2-2: Strikes out swinging
Bottom of the 2nd over - 1 run(s), 2 hit(s), 0 error(s), 1 left on base; Irving 0 - Westwood 3
TOP OF THE 3RD
Irving Blue Sox batting - Pitching for Westwood Sixshooters : RHP José Barajas
Batting: RHB Robert Jackson 0-0: Foul Ball, location: 2F
0-1: Bunt for hit - play at first, batter safe!
Batting: RHB Alfredo Chávez Pickoff Throw to First - Out!
0-0: Called Strike
0-1: Ground out 4-3 (Groundball, 4M)
Batting: LHB Kyle James 0-0: Ball
1-0: Called Strike
1-1: Foul Ball, location: 2F
1-2: Ground out 4-3 (Groundball, 4)
Top of the 3rd over - 0 run(s), 1 hit(s), 0 error(s), 0 left on base; Irving 0 - Westwood 3
BOTTOM OF THE 3RD
Westwood Sixshooters batting - Pitching for Irving Blue Sox : RHP Cole Johnson
Batting: RHB Jorge Morales 0-0: Foul Ball, location: 2F
0-1: Ground out 5-3 (Groundball, 5)
Batting: RHB Jason Boyer 0-0: Foul Ball, location: 2F
0-1: Called Strike
0-2: Ground out 6-3 (Groundball, 6D)
Batting: RHB Brandon Cooper 0-0: Ball
1-0: Ground out 6-3 (Groundball, 6)
Bottom of the 3rd over - 0 run(s), 0 hit(s), 0 error(s), 0 left on base; Irving 0 - Westwood 3
TOP OF THE 4TH
Irving Blue Sox batting - Pitching for Westwood Sixshooters : RHP José Barajas
Batting: RHB Stewart Ralston 0-0: Ball
1-0: Ball
2-0: Swinging Strike
2-1: Foul Ball, location: 2F
2-2: Ball
3-2: Strikes out swinging
Batting: RHB Júlio López 0-0: Ground out 4-3 (Groundball, 4M)
Batting: RHB Jorge López 0-0: Foul Ball, location: 2F
0-1: DOUBLE (Line Drive, 5L)
Batting: RHB Stan Barnes 0-0: Ball
1-0: Called Strike
1-1: Swinging Strike
1-2: Ball
2-2: Strikes out swinging
Top of the 4th over - 0 run(s), 1 hit(s), 0 error(s), 1 left on base; Irving 0 - Westwood 3
BOTTOM OF THE 4TH
Westwood Sixshooters batting - Pitching for Irving Blue Sox : RHP Cole Johnson
Batting: LHB George Best 0-0: Ground out 4-3 (Groundball, 4)
Batting: SHB Ethan Jollymour 0-0: Called Strike
0-1: SINGLE (Groundball, 34D)
Batting: RHB Don Thomas 0-0: SINGLE (Line Drive, 9LS)
Ethan Jollymour to second
Runner from 2nd tries for 3rd, SAFE, throw made to third
Batting: RHB Richard Hicks 0-0: SINGLE (Groundball, 5L)
Ethan Jollymour scores
Don Thomas to second
Batting: RHB Winston Sparks 0-0: Fly out, F7 (Popup, 7S)
Batting: RHB Sergio Martínez 0-0: Ball
1-0: Ball
2-0: Foul Ball, location: 2F
2-1: Ball
3-1: Ground out 5-3 (Groundball, 5L)
Bottom of the 4th over - 1 run(s), 3 hit(s), 0 error(s), 2 left on base; Irving 0 - Westwood 4
TOP OF THE 5TH
Irving Blue Sox batting - Pitching for Westwood Sixshooters : RHP José Barajas
Batting: RHB Dennis Newell 0-0: Called Strike
0-1: Ball
1-1: Ball
2-1: Called Strike
2-2: Ball
3-2: Foul Ball, location: 2F
3-2: SINGLE (Line Drive, 6D)
Batting: RHB Dustin Johnstone 0-0: Swinging Strike
0-1: Foul Ball, location: 2F
0-2: Foul Ball, location: 2F
0-2: Foul Ball, location: 2F
0-2: Ball
1-2: Ball
2-2: Ball
3-2: Strikes out swinging
Batting: RHB Robert Jackson 0-0: Called Strike
0-1: Called Strike
0-2: Hit by Pitch
Dennis Newell to second
Batting: RHB Alfredo Chávez 0-0: Foul Ball, location: 2F
0-1: Foul Ball, location: 2F
0-2: Ball
1-2: Foul Ball, location: 2F
1-2: Strikes out swinging
Batting: LHB Kyle James 0-0: Foul Ball, location: 2F
0-1: Swinging Strike
0-2: Ball
1-2: Ground out 6-3 (Groundball, 6)
Top of the 5th over - 0 run(s), 1 hit(s), 0 error(s), 2 left on base; Irving 0 - Westwood 4
BOTTOM OF THE 5TH
Westwood Sixshooters batting - Pitching for Irving Blue Sox : RHP Cole Johnson
Batting: RHB Jorge Morales 0-0: Ground out 6-3 (Groundball, 6)
Batting: RHB Jason Boyer 0-0: Called Strike
0-1: Ball
1-1: Ball
2-1: Swinging Strike
2-2: Foul Ball, location: 2F
2-2: Strikes out swinging
Batting: RHB Brandon Cooper 0-0: Ball
1-0: Fly out, F7 (Flyball, 7LM)
Bottom of the 5th over - 0 run(s), 0 hit(s), 0 error(s), 0 left on base; Irving 0 - Westwood 4
TOP OF THE 6TH
Irving Blue Sox batting - Pitching for Westwood Sixshooters : RHP José Barajas
Batting: RHB Stewart Ralston 0-0: Foul Ball, location: 2F
0-1: Ball
1-1: Ball
2-1: Foul Ball, location: 2F
2-2: Foul Ball, location: 2F
2-2: Ball
3-2: Base on Balls
Batting: RHB Júlio López 0-0: Called Strike
0-1: Called Strike
0-2: Strikes out swinging
Batting: RHB Jorge López 0-0: Ball
1-0: Grounds into double play, U6-3 (Groundball, 6)
Top of the 6th over - 0 run(s), 0 hit(s), 0 error(s), 0 left on base; Irving 0 - Westwood 4
BOTTOM OF THE 6TH
Westwood Sixshooters batting - Pitching for Irving Blue Sox : RHP Cole Johnson
Batting: LHB George Best 0-0: Ball
1-0: Called Strike
1-1: Foul Ball, location: 2F
1-2: Strikes out swinging
Batting: SHB Ethan Jollymour 0-0: Foul Ball, location: 2F
0-1: Ball
1-1: Foul Ball, location: 2F
1-2: Ball
2-2: Ball
3-2: Foul Ball, location: 2F
3-2: SINGLE (Flyball, 7S)
Batting: RHB Don Thomas 0-0: Ball
1-0: Called Strike
1-1: Fly out, F9 (Flyball, 9M)
Batting: RHB Richard Hicks 0-0: Ball
1-0: Fly out, F4 (Popup, 4D)
Bottom of the 6th over - 0 run(s), 1 hit(s), 0 error(s), 1 left on base; Irving 0 - Westwood 4
TOP OF THE 7TH
Irving Blue Sox batting - Pitching for Westwood Sixshooters : RHP José Barajas
Batting: RHB Stan Barnes 0-0: Ball
1-0: Ground out 1-3 (Groundball, 13)
Batting: RHB Dennis Newell 0-0: Ball
1-0: Foul Ball, location: 2F
1-1: Ball
2-1: Fly out, F8 (Flyball, 8RM)
Batting: RHB Dustin Johnstone 0-0: Ball
1-0: Called Strike
1-1: Ground out U3 (Groundball, 3S)
Top of the 7th over - 0 run(s), 0 hit(s), 0 error(s), 0 left on base; Irving 0 - Westwood 4
BOTTOM OF THE 7TH
Westwood Sixshooters batting - Pitching for Irving Blue Sox : RHP Cole Johnson
Batting: RHB Winston Sparks 0-0: Called Strike
0-1: Foul Ball, location: 2F
0-2: Ball
1-2: Ball
2-2: Foul Ball, location: 2F
2-2: Ball
3-2: SINGLE (Line Drive, 5D)
Pitching: RHP Dave Padgett
Batting: RHB Sergio Martínez 0-0: Sac Bunt - play at second, runner OUT! 1-6
Batting: RHB Jorge Morales 0-0: Called Strike
Sergio Martínez steals 2nd base
0-1: Fly out, F8 (Line Drive, 8RM)
Batting: RHB Jason Boyer 0-0: Ground out 5-3 (Groundball, 56S)
Bottom of the 7th over - 0 run(s), 1 hit(s), 0 error(s), 1 left on base; Irving 0 - Westwood 4
TOP OF THE 8TH
Irving Blue Sox batting - Pitching for Westwood Sixshooters : RHP José Barajas
Batting: RHB Robert Jackson 0-0: Called Strike
0-1: Bunt for hit - play at first, batter OUT! 5-3
Batting: RHB Alfredo Chávez 0-0: Called Strike
0-1: Called Strike
0-2: Foul Ball, location: 2F
0-2: Strikes out swinging
Batting: LHB Kyle James 0-0: Ball
1-0: Ball
2-0: Ball
3-0: Base on Balls
Batting: RHB Stewart Ralston 0-0: Ball
Pickoff Throw to First - Out!
Top of the 8th over - 0 run(s), 0 hit(s), 0 error(s), 0 left on base; Irving 0 - Westwood 4
BOTTOM OF THE 8TH
Westwood Sixshooters batting - Pitching for Irving Blue Sox : RHP Dave Padgett
Batting: RHB Brandon Cooper 0-0: Called Strike
0-1: Fly out, F6 (Line Drive, 6)
Batting: LHB George Best 0-0: Called Strike
0-1: Called Strike
0-2: Ball
1-2: Foul Ball, location: 2F
1-2: Strikes out swinging
Batting: SHB Ethan Jollymour 0-0: Swinging Strike
0-1: Foul Ball, location: 2F
0-2: Foul Ball, location: 2F
0-2: Ball
1-2: SINGLE (Line Drive, 34)
Batting: RHB Don Thomas 0-0: Ball
1-0: Ground out 6-3 (Groundball, 6)
Bottom of the 8th over - 0 run(s), 1 hit(s), 0 error(s), 1 left on base; Irving 0 - Westwood 4
TOP OF THE 9TH
Irving Blue Sox batting - Pitching for Westwood Sixshooters : RHP José Barajas
Batting: RHB Stewart Ralston 0-0: Called Strike
0-1: Foul Ball, location: 2F
0-2: DOUBLE (Line Drive, 7M)
Batting: RHB Júlio López 0-0: Ball
1-0: Ball
2-0: Called Strike
2-1: Ball
3-1: Base on Balls
Pitching: RHP Juan Guillén
Batting: RHB Jorge López 0-0: Called Strike
0-1: Grounds into double play, 5-4-3 (Groundball, 56)
Stewart Ralston to third
Batting: RHB Stan Barnes 0-0: Foul Ball, location: 2F
0-1: Ball
1-1: Ground out 5-3 (Groundball, 5)
Top of the 9th over - 0 run(s), 1 hit(s), 0 error(s), 1 left on base; Irving 0 - Westwood 4
This league is powered by Out of the Park Baseball, the baseball management simulation game for PC, Mac and Linux
Friday, January 22nd, 2016 - OOTP Baseball 16.9 Build 39